 Dungeon Crawl Stone Soup version 0.31-a0-806-g0bc164a743 (webtiles) character file.

Game seed: 7388740493359333786

6904 GordonOverkill the Cleaver (level 10, 0/81 HPs)
             Began as a Demigod Delver on Sept 20, 2023.
             Slain by a seven-headed hydra (5 damage)
             ... on level 9 of the Dungeon.
             The game lasted 00:22:59 (12001 turns).

GordonOverkill the Cleaver (Demigod Delver)        Turns: 12001, Time: 00:22:59

Health: 0/81       AC: 16    Str: 25    XL:     10   Next: 50%
Magic:  13/13      EV: 24    Int: 12    God:
Gold:   229        SH:  0    Dex: 15    Spells: 9/9 levels left

rFire   + . .        a - +2 flail (protect)
rCold   + . .        (no shield)
rNeg    . . .        e - +1 chain mail {rC+}
rPois   .            (no helmet)
rElec   .            q - +0 cloak
rCorr   .            y - +1 pair of gloves
SInv    .            p - +1 pair of boots
Will    +....        i - amulet of the acrobat Stlth
                     u - ring of protection from fire
HPRegen 0.33/turn    (no ring)
MPRegen 0.13/turn

%: acrobat
@: acrobatic
A: high MP 1, forlorn, divine attributes
a: no special abilities


You were on level 9 of the Dungeon.
You visited 1 branch of the dungeon, and saw 10 of its levels.

You collected 374 gold pieces.
You spent 145 gold pieces at shops.

Inventory:

Hand Weapons
 a - a +2 flail of protection (weapon)
 l - a +0 war axe of electrocution
Missiles
 b - 2 poisoned darts
Armour
 e - a +1 chain mail of cold resistance (worn)
 p - a +1 pair of boots (worn)
 q - a +0 cloak (worn)
 y - a +1 pair of gloves (worn)
Jewellery
 i - an amulet of the acrobat (around neck)
 u - a ring of protection from fire (left hand)
 v - a ring of fire
Wands
 g - a wand of digging (2)
 j - a wand of flame (10)
Scrolls
 c - a scroll of fog
 d - a scroll of revelation
 k - a scroll of vulnerability {unknown}
 z - 2 scrolls of amnesia
Potions
 h - a potion of ambrosia
 r - 2 potions of brilliance


   Skills:
 - Level 5.0 Fighting
 + Level 13.3 Axes
 - Level 5.0 Armour
 - Level 1.7 Dodging
 - Level 4.5 Stealth
 - Level 3.0 Evocations


You had 9 spell levels left.
You didn't know any spells.
Your spell library contained the following spells:

 Spells                   Type           Power      Damage    Failure   Level
 Necrotise                Necr           0%         1d4       86%         1
 Dazzling Flash           Conj/Hex       0%         N/A       99%         3
 Vampiric Draining        Necr           0%         2d6       99%         3
 Volatile Blastmotes      Fire/Tloc      0%         2d10      99%         3
 Agony                    Necr           0%         N/A       100%        5
 Starburst                Conj/Fire      0%         6d3       100%        6
 Maxwell's Capacitive Co  Air            0%         ∞         100%        8


Dungeon Overview and Level Annotations

Branches:
Dungeon (10/15)            Temple (0/1) D:4
   Lair: D:8-11         Orc: D:9-12

Shops:
D:1 ?   D:2 *!:   D:5 *

Annotations:
D:3 1 runed translucent door, Crazy Yiuf
D:7 7 runed translucent doors, Beaer's ghost, novice TrFi; Jeremiah


Innate Abilities, Weirdness & Mutations

You have an increased reservoir of magic. (+10% MP)
You shall have no god before yourself.
Your divine heritage dramatically boosts your attributes as you level up.


Message History

The seven-headed hydra closely misses you.
The seven-headed hydra bites you but does no damage.
The seven-headed hydra bites you!
* * * LOW HITPOINT WARNING * * *
The seven-headed hydra bites you but does no damage.
The seven-headed hydra bites you.
* * * LOW HITPOINT WARNING * * *
The seven-headed hydra bites you.
* * * LOW HITPOINT WARNING * * *
You hit the seven-headed hydra.
The seven-headed hydra is moderately wounded.
The seven-headed hydra bites you!
* * * LOW HITPOINT WARNING * * *
The seven-headed hydra bites you but does no damage.
The seven-headed hydra closely misses you.
The seven-headed hydra bites you.
* * * LOW HITPOINT WARNING * * *
The seven-headed hydra bites you.
* * * LOW HITPOINT WARNING * * *
The seven-headed hydra bites you.
* * * LOW HITPOINT WARNING * * *
The seven-headed hydra bites you but does no damage.
You hit the seven-headed hydra.
The seven-headed hydra is moderately wounded.
The seven-headed hydra bites you but does no damage. x7
Unknown command.
Okay, then.
Okay, then.
The seven-headed hydra attacks as it pursues you!
The seven-headed hydra misses you.
The seven-headed hydra completely misses you.
The seven-headed hydra closely misses you.
The seven-headed hydra misses you.
The seven-headed hydra bites you but does no damage.
The seven-headed hydra barely misses you.
The seven-headed hydra completely misses you.
There is an open door here.
The seven-headed hydra attacks as it pursues you!
The seven-headed hydra misses you. The seven-headed hydra bites you.
You die...

#####...'.........'..##.....
###.....###.........##.##.....
####..>#####
#.........##.##..... #....###
#.........##..#..... ..####
#.........###....... ###
##'######## ###..... #.#
#..... #.##### ###.## #.@D..#
#.# #####.# #.## #.# #.D#
####### ###'##### ##.# #.....#
#.......# #.. #.....#
#......<########. # #.....#
####.......(........ # #.....#
#..'.......########.
####...).#####.##.......# ##


You could see a seven-headed hydra.

Vanquished Creatures
  Harold (D:8)
  Joseph (D:7)
  3 trolls (D:9)
  A hornet (D:9)
  Prince Ribbit (D:7)
  A wyvern (D:6)
  6 yaks
  A steam dragon (D:8)
  Edmund (D:5)
  2 acid dragons
  Duvessa (D:5)
  2 orc warriors
  4 black bears
  An ice beast (D:6)
  A tengu (D:6)
  3 centaurs
  2 phantoms
  A kobold brigand (D:6)
  2 bullfrogs (D:8)
  3 scorpions
  A wight (D:7)
  Dowan (D:5)
  11 killer bees
  5 howler monkeys
  5 jellies
  3 gnoll boudas
  4 hounds
  4 orc priests
  2 iguanas (D:5)
  Ijyb (D:3)
  2 sleepcaps (D:5)
  6 orc wizards
  11 gnolls
  12 adders
  A white imp (D:7)
  An ufetubus (D:5)
  3 worms
  2 dart slugs
  26 orcs
  5 ball pythons
  9 bats
  18 endoplasms
  2 giant cockroaches
  8 goblins
  5 hobgoblins
  17 kobolds
  8 quokkas
  5 frilled lizards
  6 rats
222 creatures vanquished.

Vanquished Creatures (others)
  An orc (D:8)
1 creature vanquished.

Grand Total: 223 creatures vanquished

Notes
Turn   | Place    | Note
-------+----------+-------------------------------------------
     0 | D:5      | GordonOverkill the Demigod Delver began the quest for the
                  | Orb.
     0 | D:5      | Reached XP level 1. HP: 18/18 MP: 3/3
     3 | D:6      | Noticed a hound
    15 | D:6      | Killed a hound
    16 | D:6      | Reached skill level 3 in Axes
    16 | D:6      | Reached XP level 2. HP: 19/25 MP: 4/4
    40 | D:6      | Reached XP level 3. HP: 27/30 MP: 5/5
    40 | D:6      | Noticed a black bear
   207 | D:5      | Reached skill level 4 in Axes
   216 | D:5      | Reached XP level 4. HP: 37/37 MP: 6/6
   582 | D:3      | Found a runed translucent door.
   583 | D:3      | Noticed Crazy Yiuf
   757 | D:3      | Reached skill level 5 in Axes
   757 | D:3      | Reached XP level 5. HP: 34/42 MP: 7/7
   992 | D:3      | Noticed Ijyb
  1000 | D:3      | Killed Ijyb
  1234 | D:2      | Found Ygrad's Distillery.
  1246 | D:2      | Found Opekies's Distillery.
  1657 | D:1      | Found Suzxie's Magic Scroll Shoppe.
  1662 | D:1      | Bought a scroll of identify for 20 gold pieces
  2078 | D:2      | Bought a potion of berserk rage for 65 gold pieces
  2334 | D:2      | Found Udamod's Book Shop.
  2557 | D:2      | Found Tiab's Assorted Antiques.
  2562 | D:2      | Bought a scroll labelled LIYMMA EDYPP for 26 gold pieces
  2773 | D:3      | Reached skill level 6 in Axes
  3158 | D:4      | Reached XP level 6. HP: 45/50 MP: 8/8
  3397 | D:4      | Found a staircase to the Ecumenical Temple.
  3650 | D:4      | Reached skill level 7 in Axes
  3933 | D:4      | Reached XP level 7. HP: 51/56 MP: 9/9
  4737 | D:5      | Found Rualimm's Assorted Antiques.
  4740 | D:5      | Bought a scroll labelled HOISSU NUM OVO for 34 gold pieces
  4837 | D:5      | Reached skill level 8 in Axes
  5191 | D:5      | Noticed Dowan
  5371 | D:5      | Noticed Duvessa
  5386 | D:5      | Killed Dowan
  5387 | D:5      | Killed Duvessa
  5388 | D:5      | Reached skill level 9 in Axes
  5397 | D:5      | Reached XP level 8. HP: 40/62 MP: 10/10
  5736 | D:5      | Noticed Edmund
  5751 | D:5      | Killed Edmund
  5990 | D:6      | Reached skill level 10 in Axes
  6454 | D:6      | Reached skill level 5 in Fighting
  6620 | D:5      | Reached skill level 1 in Evocations
  7550 | D:6      | Reached skill level 1 in Armour
  7735 | D:7      | Reached XP level 9. HP: 44/74 MP: 11/11
  7874 | D:7      | Noticed Joseph
  7886 | D:7      | Killed Joseph
  8060 | D:7      | Noticed Prince Ribbit
  8090 | D:7      | Killed Prince Ribbit
  8173 | D:7      | Found a runed translucent gate.
  8174 | D:7      | Found a runed translucent gate.
  8175 | D:7      | Found a runed translucent gate.
  8175 | D:7      | Noticed a two-headed ogre
  8176 | D:7      | Noticed Beaer's ghost (novice TrFi)
  8184 | D:7      | Noticed Jeremiah
  8235 | D:7      | Found a large runed translucent door.
  8238 | D:7      | Found a large runed translucent door.
  8240 | D:7      | Noticed a gargoyle
  8242 | D:7      | Noticed a gargoyle
  8249 | D:7      | Found a large runed translucent door.
  8249 | D:7      | Found a large runed translucent door.
  8282 | D:7      | Reached skill level 5 in Armour
  8445 | D:7      | Noticed a two-headed ogre
  9448 | D:8      | Reached skill level 11 in Axes
 10252 | D:9      | Paralysed by a hornet for 3 turns
 10283 | D:10     | Entered Level 10 of the Dungeon
 10283 | D:10     | Noticed a two-headed ogre
 10365 | D:9      | Reached XP level 10. HP: 49/81 MP: 13/13
 10376 | D:9      | Noticed Harold
 10694 | D:8      | Killed Harold
 10695 | D:8      | Reached skill level 12 in Axes
 11657 | D:9      | Reached skill level 13 in Axes
 11949 | D:9      | Found the +1 robe of Vines {NoPotionHeal Regen++++}
 11954 | D:9      | Noticed a seven-headed hydra
 11991 | D:9      | HP: 2/81 [seven-headed hydra (5)]
 12001 | D:9      | Slain by a seven-headed hydra

Illustrated notes

Levels and vault maps discovered:
D:1:      matt_arrival_diagonals, layout_loops_ring, serial_shops,
          nicolae_shop_hallway_plus
D:2:      layout_rooms, serial_shops, nicolae_shop_trees, shop, shop,
          nicolae_shop_peninsula, grunt_ministairs_15, minmay_tromino_v7
D:3:      layout_basic, nicolae_ru_path_of_blood, uniq_ijyb,
          uniq_crazy_yiuf_cottage
D:4:      cheibrodos_fertilizer, layout_cave_pools, lemuel_round_altar,
          temple_hall, serial_rivers, chequers_serial_rivers_large_a,
          chequers_serial_rivers_room_a, chequers_serial_rivers_small_a,
          chequers_serial_rivers_micro_b
D:5:      minmay_evil_eye, layout_gridville, mainiacjoe_overflow_divided_tiny,
          serial_shops, nicolae_shop_behind_doors, kennysheep_generic_room_6,
          uniq_duvessa, uniq_edmund
D:6:      layout_rooms
D:7:      layout_rooms, mainiacjoe_overflow_boulevard,
          mainiacjoe_overflow_cross_hatched, gammafunk_ghost_split,
          minmay_hollow_rounded_squares, uniq_jeremiah, uniq_joseph,
          uniq_prince_ribbit1
D:8:      layout_loops_ring, kennysheep_mini_moat, mainiacjoe_overflow_paths
D:9:      layout_roguey, hellmonk_guarded_unrand_vines, uniq_harold
D:10:     layout_long_grid, nzn_overflow_gifts_of_might_and_magic,
          minmay_lair_entry_grove, serial_shops, shop

Skill      XL: |  1  2  3  4  5  6  7  8  9 10 |
---------------+-------------------------------+-----
Axes           | 3 4 5 6 7 9 10 11 13 | 13.3
Fighting       | 5 |  5.0
Evocations     | 3 |  3.0
Armour         | 2 5 |  5.0
Dodging        | |  1.7
Stealth        | |  4.5

Action                     |  1- 3 |  4- 6 |  7- 9 | 10-12 || total
---------------------------+-------+-------+-------+-------++-------
  Melee: Hand axe          |    35 |   336 |   111 |       ||   482
         Punch             |       |     2 |     3 |     1 ||     6
         War axe           |       |       |   357 |   132 ||   489
         Flail             |       |       |       |     5 ||     5
  Throw: Dart              |       |       |    44 |     7 ||    51
         Throwing net      |       |       |       |     2 ||     2
  Evoke: Wand              |     2 |     8 |    11 |       ||    21
    Use: Potion            |     1 |       |     8 |     1 ||    10
         Scroll            |       |     5 |    12 |     2 ||    19
   Stab: Sleeping          |     1 |    17 |     7 |       ||    25
         Distracted        |       |     1 |       |       ||     1
 Armour: Leather armour    |    16 |    10 |       |       ||    26
         Ring mail         |       |   150 |   384 |    20 ||   554
         Chain mail        |       |       |       |   158 ||   158
  Dodge: Dodged            |    30 |   206 |   356 |    69 ||   661

Table legend: (Time is in decaauts)
 A = Elapsed time spent in this place.
 B = Non-inter-level travel time spent in this place.
 C = Inter-level travel time spent in this place.
 D = Time resting spent in this place.
 E = Time spent auto-exploring this place.
 F = Levels seen in this place.
 G = Mean time per level.
                   A        B        C        D        E       F      G
               +--------+--------+--------+--------+--------+-----+--------+
         Total |  12007 |  11615 |    392 |   3981 |   4817 |  10 | 1200.7 |
       Dungeon |  12007 |  11615 |    392 |   3981 |   4817 |  10 | 1200.7 |
               +--------+--------+--------+--------+--------+-----+--------+

Top non-repeatable levels by time:
     D:5: 1966 daAuts
     D:8: 1723 daAuts
     D:6: 1483 daAuts
     D:4: 1437 daAuts
     D:7: 1422 daAuts
     D:3: 1346 daAuts
     D:9: 1104 daAuts
     D:1: 762 daAuts
     D:2: 720 daAuts
    D:10: 40 daAuts
